 Dungeon Sprint DCSS version 0.28-a0-1190-g77e1c55843 (webtiles) character file.

Game seed: 8935800256722162079

28 rocky1 the Spear-Bearer (level 3, -9/40 HPs)
             Began as a Merfolk Gladiator on Dec 19, 2021.
             Mangled by Crazy Yiuf (16 damage)
             ... in the Dungeon (Sprint III: "The Ten Rune Challenge").
             The game lasted 00:00:58 (72 turns).

rocky1 the Spear-Bearer (Merfolk Gladiator)           Turns: 72, Time: 00:00:59

Health: -9/40      AC:  4    Str: 16    XL:     3   Next: 14%
Magic:  3/3        EV: 16    Int:  7    God:
Gold:   0          SH:  0    Dex: 15    Spells: 2/2 levels left

rFire   . . .      SeeInvis .   a - +0 trident
rCold   . . .      Faith    .   (no shield)
rNeg    . . .      Spirit   .   b - +0 leather armour
rPois   .          Reflect  .   c - +0 helmet
rElec   .          Harm     .   (no cloak)
rCorr   .          Rampage  .   (no gloves)
Will    .....      NoTele   +   (boots currently unavailable)
Stlth   ..........              (no amulet)
HPRegen 0.13/turn               (no ring)
MPRegen 0.08/turn               (no ring)

@: berserking, very quick
A: nimble swimmer 2, mertail
a: no special abilities


You were in the Dungeon.
You visited 1 branch

Inventory:

Hand Weapons
 a - a +0 trident (weapon)
Missiles
 d - 3 throwing nets (quivered)
Armour
 b - a +0 leather armour (worn)
 c - a +0 helmet (worn)
Scrolls
 j - a scroll of blinking
 k - a scroll of magic mapping {unknown}
Potions
 e - a potion of curing
 f - a potion of heal wounds
 g - a potion of haste
 h - 2 potions of magic
 l - a potion of mutation {unknown}
 m - a potion of degeneration {unknown}


   Skills:
 - Level 2.1 Fighting
 + Level 9.7 Polearms
 - Level 2.0 Throwing
 + Level 4.0 Dodging


You had 2 spell levels left.
You didn't know any spells.
Your spell library was empty.

Dungeon Overview and Level Annotations

Branches:
Dungeon (1/1)

Altars:

Annotations:
D Crazy Yiuf


Innate Abilities, Weirdness & Mutations

You are quick and stealthy near water. (Stealth+, EV+, Speed+++)
Your lower body shifts to a powerful aquatic tail in water.


Message History

You barely miss the human.
Crazy Yiuf shouts!
The human barely misses you.
You miss the human. The human misses you.
You hit the human but do no damage. The human misses you.
You closely miss the human. You puncture the human!
The human is moderately wounded.
The human hits you.
You hit the human.
You tail-slap the human, but do no damage.
The human is moderately wounded.
The human misses you.
You miss the human.
Your tail-slap misses the human.
The human is moderately wounded.
The human barely misses you.
You hit the human but do no damage.
The human is moderately wounded.
The human hits you!
You hit the human.
The human is moderately wounded.
A red film seems to cover your vision as you go berserk!
You feel yourself moving faster!
You feel mighty! The human hits you but does no damage.
You are too injured to fight recklessly!
You are too injured to fight recklessly!
You are too injured to fight recklessly!
You are too injured to fight recklessly!
You are too injured to fight recklessly!
You puncture the human!
Your tail-slap misses the human.
The human is severely wounded.
The human hits you but does no damage.
You puncture the human!
The human is almost dead.
You puncture the human!
You kill the human!
Crazy Yiuf hits you with a +2 quarterstaff of chaos!
* * * LOW HITPOINT WARNING * * *
You are electrocuted!
You die...

▓<.# ▓..# #.... #
▓#'####....♣♣ .#
▓.†...#....≈♣♣♣♣..#
▓.....#...≈≈...♣..#
▓.....#..≈≈≈≈♣♣...+
▓####)#..≈≈≈≈≈≈.♣.#
▓.....#.≈≈≈≈≈≈....#
▓.....#.≈≈≈≈@.....#
▓.....#.≈≈≈g......#
▓'#####...........#
▓.................#
▓▓▓▓▓▓▓▓▓▓▓▓▓▓▓▓▓▓▓


You could see Crazy Yiuf.

Vanquished Creatures
  Jessica (D)
  A human (D)
  An endoplasm (D)
  2 rats (D)
5 creatures vanquished.

Notes
Turn   | Place    | Note
-------+----------+-------------------------------------------
     0 | D        | rocky1 the Merfolk Gladiator began the quest for the Orb.
     0 | D        | Reached XP level 1. HP: 16/16 MP: 1/1
     6 | D        | Reached skill level 5 in Polearms
    17 | D        | Reached skill level 6 in Polearms
    17 | D        | Noticed Jessica
    25 | D        | Killed Jessica
    26 | D        | Reached skill level 9 in Polearms
    26 | D        | Reached XP level 2. HP: 22/22 MP: 2/2
    26 | D        | Reached XP level 3. HP: 27/27 MP: 3/3
    55 | D        | Noticed Crazy Yiuf
    72 | D        | Mangled by Crazy Yiuf

Illustrated notes

Levels and vault maps discovered:
D:        dungeon_sprint_mu [sprint_mu_entry_forest, sprint_mu_temple_rooms,
          sprint_mu_d1_spiders, sprint_mu_d2_genie, sprint_mu_d3_branching,
          sprint_mu_orc_legion, sprint_mu_elf_gauntlet, sprint_mu_hive_nellie,
          sprint_mu_lair_fedhas, sprint_mu_vaults_butterflies,
          sprint_mu_slime_circle, sprint_mu_swamp_cave, sprint_mu_shoals_kraken,
          sprint_mu_blade_basic, sprint_mu_crypt_lich, sprint_mu_tomb_spiral,
          sprint_mu_vestibule_basic, sprint_mu_gehenna_hellfire,
          sprint_mu_dis_giant, sprint_mu_tartarus_statrot,
          sprint_mu_cocytus_islands, sprint_mu_zot1]

Skill      XL: |  1 |
---------------+----+-----
Polearms       | 9 |  9.7
Fighting       | |  2.1
Throwing       | |  2.0
Dodging        | |  4.0

Action                   || total
-------------------------++-------
Melee: Trident           ||    25
       Tailslap          ||     1
  Use: Potion            ||     1
Armor: Leather armour    ||     2
Dodge: Dodged            ||     9

Table legend: (Time is in decaauts)
 A = Elapsed time spent in this place.
 B = Non-inter-level travel time spent in this place.
 C = Inter-level travel time spent in this place.
 D = Time resting spent in this place.
 E = Time spent auto-exploring this place.
 F = Levels seen in this place.
 G = Mean time per level.
                   A        B        C        D        E       F      G
               +--------+--------+--------+--------+--------+-----+--------+
         Total |     67 |     67 |      0 |      0 |      0 |   1 |   67.0 |
       Dungeon |     67 |     67 |      0 |      0 |      0 |   1 |   67.0 |
               +--------+--------+--------+--------+--------+-----+--------+

Top non-repeatable levels by time:
       D: 67 daAuts
